 Dungeon Crawl Stone Soup version 0.28-a0-724-g66f9036eb4 (webtiles) character file.

Game seed: 7122934317467152935

0 spiderkeys the Skirmisher (level 1, -3/18 HPs)
             Began as a Human Abyssal Knight on Oct 26, 2021.
             Was a Follower of Lugonu.
             Slain by an orange demon (9 damage)
             ... on level 2 of the Abyss.
             The game lasted 00:00:25 (160 turns).

spiderkeys the Skirmisher (Human Abyssal Knight)     Turns: 160, Time: 00:00:26

Health: -3/18      AC:  3    Str: 13    XL:     1   Next: 0%
Magic:  2/2        EV: 11    Int: 10    God:    Lugonu [*.....]
Gold:   0          SH:  0    Dex: 13    Spells: 0/0 levels left

rFire   . . .      SeeInvis .   a - +1 falchion
rCold   . . .      Faith    .   (no shield)
rNeg    . . .      Spirit   .   b - +0 leather armour
rPois   .          Reflect  .   (no helmet)
rElec   .          Harm     .   (no cloak)
rCorr   .          Rampage  .   (no gloves)
Will    .....                   (no boots)
Stlth   +.........              (no amulet)
HPRegen 0.06/turn               (no ring)
MPRegen 0.08/turn               (no ring)

@: no status effects
A: no striking features
a: Renounce Religion, Depart the Abyss


You were on level 2 of the Abyss.
You worshipped Lugonu.
Lugonu was aware of your devotion.
You visited 0 branches of the dungeon, and saw 0 of its levels.
You visited the Abyss 1 time.


   Skills:
 + Level 3.0 Fighting
 + Level 2.0 Long Blades
 - Level 2.0 Armour
 + Level 1.0 Dodging
 + Level 2.0 Invocations


You couldn't memorise any spells.
You didn't know any spells.
Your spell library was empty.

Inventory:

Hand Weapons
 a - a +1 falchion (weapon)
Armour
 b - a +0 leather armour (worn)
Scrolls
 e - a scroll of enchant armour {unknown}
 f - a scroll of identify {unknown}
Potions
 c - a potion of lignification {unknown}
Miscellaneous
 d - a lightning rod (2/4)
   (You found it on level 2 of the Abyss)

Dungeon Overview and Level Annotations

Branches:
Dungeon (0/15)

Altars:

.. .. #. .#
#.###.#
#..#..
#...# #...#
##.4.##
#..#..# .
###4###@###
##. #...#
#...###...
#..###
###..#
#...#.
##.X.#
#..#! ##
#..#w.##
....## #
..## ...
#.## #.##
###. # . #


You could see a tentacled starspawn, an orange demon and a starspawn tentacle.


Message History

🤖 Initializing magus.rc ... ✅ Successfully initialized magus.rc [v1.9.10] Welcome, spiderkeys the Human Abyssal Knight.
The incredible Orb of Zot lies far below, as if waiting for you to find it.
Lugonu says: Depart the Abyss and spread corruption, my servant! (use the ability menu to exit the Abyss) Press ? for a list of commands and other information.
Found a corrupted altar of Lugonu.
c - a metallic yellow potion Unknown command.
Found a gateway leading deeper into the Abyss.
There is a gateway leading deeper into the Abyss here.
You plunge deeper into the Abyss.
d - a lightning rod (4/4)
e - a scroll labelled XEGGOGGAEV
f - a scroll labelled WOVAAVAETT An orange demon comes into view.
Aiming: Thunderbolt
Press: ? - help, Shift-Dir - straight line, f - orange demon
Aim: an orange demon The thunderbolt hits the orange demon!
The orange demon stings you from afar!
Ouch! That really hurt!
* * * LOW HITPOINT WARNING * * *
😨 HP[-12]
You take 12 damage, and now have 6/18 hp.
MASSIVE DAMAGE!! (PAUSE)
A tentacled starspawn comes into view.
Tentacles burst from the starspawn's body! 2 starspawn tentacles come into view.
Aiming: Thunderbolt
Press: ? - help, Shift-Dir - straight line, f/p - orange demon
Aim: an orange demon (lightly wounded)
The thunderbolt hits the orange demon!
The orange demon stings you from afar!
Ouch! That really hurt!
You die...

Action                   || total
-------------------------++-------
Evoke: Lightning rod     ||     2

Levels and vault maps discovered:
Abyss:2:  base:
Temple

Notes
Turn   | Place    | Note
-------+----------+-------------------------------------------
     0 | Abyss:1  | spiderkeys the Human Abyssal Knight began the quest for the
                  | Orb.
     0 | Abyss:1  | Reached XP level 1. HP: 18/18 MP: 2/2
     0 | Abyss:1  | magus.rc [v1.9.10]
    63 | Abyss:1  | Found a corrupted altar of Lugonu.
   152 | Abyss:2  | Noticed an orange demon
   158 | Abyss:2  | Noticed a tentacled starspawn
   160 | Abyss:2  | Slain by an orange demon

Vanquished Creatures (others)
  A starspawn tentacle (Abyss:2)
1 creature vanquished.

Table legend:
 A = Non-vault XP
 B = Vault XP
 C = Vault XP percentage of total XP
 D = Non-vault monster count
 E = Vault monster count
 F = Vault count percentage of total count
                 A         B        C        D         E       F
            +---------+---------+-------+---------+---------+-------
      Total |       0 |       0 |   N/A |       0 |       0 |  -nan
            +---------+---------+-------+---------+---------+-------
            +---------+---------+-------+---------+---------+-------

Illustrated notes

Table legend: (Time is in decaauts)
 A = Elapsed time spent in this place.
 B = Non-inter-level travel time spent in this place.
 C = Inter-level travel time spent in this place.
 D = Time resting spent in this place.
 E = Time spent auto-exploring this place.
 F = Levels seen in this place.
 G = Mean time per level.
                   A        B        C        D        E       F      G
               +--------+--------+--------+--------+--------+-----+--------+
         Total |    159 |    159 |      0 |      0 |    139 |   2 |   79.5 |
         Abyss |    159 |    159 |      0 |      0 |    139 |   2 |   79.5 |
               +--------+--------+--------+--------+--------+-----+--------+

Top non-repeatable levels by time:
 Abyss:1: 89 daAuts
 Abyss:2: 70 daAuts
